Map: Hard Lead LE

Players

GreenBox - Winner!

  • Race: Terran Terran
  • League: Diamond
  • Spawn Location: 5:00

SubN

  • Race: Zerg Zerg
  • League: Diamond
  • Spawn Location: 11:00

VOD

Have the link to the VOD?

Description

Time

  • Played on: Jan. 22, 2024, 5:31 p.m.
  • Length: 7:49
Show
View Real Time Build Order
Export as new Build Order

GreenBox Terran - Winner!

Build Orders: Liberator Opening 

Get SALT Encoding   

  12  0:00  SCV  
  13  0:13  SCV  
  14  0:18  Supply Depot  
  14  0:25  SCV  
  15  0:39  Refinery  
  15  0:42  Barracks  
  15  0:48  SCV  
  16  1:00  SCV  
  17  1:12  SCV  
  18  1:24  SCV  
  19  1:29  Reaper  
  20  1:36  Orbital Command  
  20  1:44  Supply Depot  
  20  2:03  Marine  
  21  2:10  SCV  
  21  2:11  Factory  
  21  2:13  Refinery  
  22  2:22  Barracks Reactor  
  22  2:23  SCV  
  22  2:29  Command Center  
  23  2:35  SCV  
  24  2:42  Supply Depot  
  24  2:47  SCV  
  24  3:07  Hellion x2  
  24  3:12  Bunker, Starport  
  28  3:14  Marine, SCV  
  31  3:29  Hellion  
  31  3:31  Hellion  
  31  3:32  Marine  
  35  3:50  Hellion  
  35  3:52  Hellion  
  35  3:53  Marine  
  35  3:54  Liberator  
  35  3:55  SCV  
  44  4:04  Orbital Command  
  44  4:12  Fusion Core  
  44  4:16  SCV  
  45  4:20  Supply Depot  
  45  4:26  Hellion  
  45  4:28  Hellion  
  49  4:35  SCV  
  49  4:36  Supply Depot  
  50  4:41  SCV  
  51  4:47  Starport Tech Lab  
  51  4:52  Supply Depot x2  
  51  5:10  Battlecruiser  
  51  5:13  SCV  
  58  5:21  SCV  
  58  5:26  Hellion x2, SCV  
  64  5:42  Marine  
  53  5:45  SCV x2  
  59  5:50  Refinery  
  59  5:51  Refinery, Widow Mine x2  
  59  5:57  SCV  
  59  5:59  SCV  
  61  6:07  Barracks Reactor  
  61  6:10  SCV  
  62  6:11  SCV  
  62  6:12  Widow Mine x2  
  59  6:27  Battlecruiser  
  65  6:33  Barracks  
  65  6:34  Widow Mine x2  
  65  6:36  Command Center  
  69  6:49  SCV  
  69  6:53  Marine x2  
  72  6:55  Widow Mine  
  74  7:03  SCV  
  74  7:04  SCV  
  76  7:09  Widow Mine  
  78  7:16  Widow Mine, Armory  
  78  7:18  Marine  
  81  7:28  Marine  
  80  7:30  Barracks Tech Lab, SCV  
  83  7:47  Factory  
  83  7:48  Engineering Bay  
Show
View Real Time Build Order
Export as new Build Order

SubN Zerg 

Build Orders: Pool First 

Get SALT Encoding   

  12  0:00  Drone  
  13  0:12  Overlord  
  13  0:16  Drone  
  14  0:30  Drone x2  
  16  0:35  Drone  
  17  0:46  Spawning Pool  
  16  0:50  Drone  
  17  1:08  Hatchery  
  16  1:12  Drone  
  16  1:15  Drone  
  18  1:21  Overlord  
  18  1:27  Extractor  
  17  1:33  Queen  
  19  1:40  Drone  
  19  1:41  Drone  
  21  1:50  Drone  
  22  2:00  Drone  
  23  2:11  Drone, Queen  
  26  2:22  Queen  
  28  2:29  Zergling x4  
  30  2:43  Drone x4  
  34  3:00  Drone x2  
  34  3:05  Overlord  
  36  3:08  Hatchery  
  35  3:14  Metabolic Boost  
  35  3:19  Drone  
  36  3:20  Overlord  
  36  3:23  Queen  
  36  3:24  Overlord  
  38  3:40  Drone x9  
  47  3:48  Lair  
  47  3:58  Drone x3  
  47  4:01  Roach Warren  
  49  4:04  Baneling Nest  
  49  4:08  Drone, Extractor  
  48  4:15  Zergling x4  
  50  4:20  Zergling x8  
  50  4:21  Zergling x4  
  56  4:27  Queen  
  56  4:30  Overlord x2  
  58  4:47  Queen  
  60  4:52  Overlord  
  60  4:55  Centrifugal Hooks, Glial Reconstitution  
  60  4:59  Drone x9  
  69  5:04  Drone  
  70  5:13  Extractor  
  69  5:16  Baneling x6  
  69  5:24  Roach x2  
  71  5:29  Spine Crawler  
  71  5:32  Spore Crawler  
  62  6:08  Spore Crawler  
  62  6:10  Drone x12, Spore Crawler  
  62  6:47  Roach  
  62  6:48  Roach x8  
Tags
 
Add a new tag
Caveats
  • Supply blocks, unpowered buildings, or Contaminate may cause inaccurate times.
  • Supply counts are checked every 10 seconds.